 Dungeon Crawl Stone Soup version 0.27-a0-1049-g450f9b2e0d (webtiles) character file.

Game seed: 3857020346512166933

1456 wakim the Spear-Bearer (level 8, -1/64 HPs)
             Began as a Merfolk Gladiator on Apr 20, 2021.
             Was a Believer of Kikubaaqudgha.
             Killed by nerve-wracking pain
             ... invoked by an orc priest
              (3 damage)
             ... on level 6 of the Dungeon.
             The game lasted 00:14:03 (6222 turns).

wakim the Spear-Bearer (Merfolk Gladiator)          Turns: 6222, Time: 00:14:03

Health: -1/64      AC:  7    Str: 14    XL:     8   Next: 76%
Magic:  6/8        EV: 13    Int: 10    God:    Kikubaaqudgha [**....]
Gold:   273        SH:  5    Dex: 15    Spells: 4/7 levels left

rFire    . . .     SeeInvis .   a - +1 trident
rCold    . . .     Faith    .   j - +0 buckler
rNeg     + . .     Spirit   .   f - +0 ring mail
rPois    .         Reflect  .   c - +0 helmet
rElec    .         Harm     .   (no cloak)
rCorr    .         Rampage  .   (no gloves)
Will     .....                  h - +0 pair of boots
Stlth    +.........             n - amulet of magic regeneration
HPRegen  0.20/turn              e - ring of wizardry
MPRegen  0.36/turn              l - ring of positive energy

@: no status effects
A: (nimble swimmer 2), mertail
a: Renounce Religion, Receive Corpses


You were on level 6 of the Dungeon.
You worshipped Kikubaaqudgha.
Kikubaaqudgha was pleased with you.
You visited 1 branch of the dungeon, and saw 6 of its levels.

You collected 273 gold pieces.

Inventory:

Hand Weapons
 a - a +1 trident (weapon)
Missiles
 b - 4 poisoned darts (quivered)
 d - 3 throwing nets {=f!f}
Armour
 c - a +0 helmet (worn)
 f - a +0 ring mail (worn)
 h - a +0 pair of boots (worn)
 j - a +0 buckler (worn)
Jewellery
 e - a ring of wizardry (left hand)
 l - a ring of positive energy (right hand)
 m - a ring of positive energy
 n - an amulet of magic regeneration (around neck)
Wands
 v - a wand of flame (12)
Scrolls
 T - 2 scrolls of teleportation
Potions
 g - 5 potions of attraction {unknown}
 i - 2 potions of haste {unknown}
 k - a potion of curing {unknown}
 o - a potion of might {unknown}
 J - 3 potions of heal wounds


   Skills:
 + Level 6.0 Fighting
 * Level 11.0 Polearms
 - Level 2.0 Throwing
 + Level 6.4 Dodging
 - Level 4.0 Shields


You had 4 spell levels left.
You knew the following spells:

 Your Spells              Type           Power      Damage    Failure   Level
a - Pain                  Necr           0%         1d4       30%         1
d - Corpse Rot            Necr/Air       N/A        N/A       41%         2

Your spell library contained the following spells:

 Spells                   Type           Power      Damage    Failure   Level
 Animate Skeleton         Necr           0%         N/A       30%         1
 Apportation              Tloc           0%         N/A       30%         1
 Corona                   Hex            0%         N/A       30%         1
 Summon Small Mammal      Summ           0%         N/A       30%         1
 Sublimation of Blood     Necr           0%         N/A       41%         2
 Vampiric Draining        Necr           0%         2d6       65%         3


Dungeon Overview and Level Annotations

Branches:
Dungeon (6/15)             Temple (0/1) D:5

Altars:
Kikubaaqudgha
Qazlal
The Shining One


Innate Abilities, Weirdness & Mutations

((You are quick and stealthy near water. (Stealth+, EV+, Speed+++)))
Your lower body shifts to a powerful aquatic tail in water.


Message History

The orc priest begins to cast a cantrip, but forgets the words!
Eustachio gestures wildly while chanting.
The orc misses you.
You barely miss Eustachio.
Eustachio is severely wounded.
Eustachio hits you with a +0 rapier.
* * * LOW HITPOINT WARNING * * *
You miss Eustachio.
Eustachio is severely wounded.
The orc barely misses you.
The orc priest mumbles some strange prayers to Beogh against you.
Beogh smites you!
* * * LOW HITPOINT WARNING * * *
Casting: Corpse Rot (dangerous; 41% risk of failure)
Confirm with . or Enter, or press ? or * to list all spells.
You smell decay.
Eustachio is engulfed in dark miasma.
Eustachio is poisoned.
You kill Eustachio!
Kikubaaqudgha accepts your kill.
The quokka disappears in a puff of smoke!
The river rat disappears in a puff of smoke!
The crimson imp disappears in a puff of smoke!
The quokka disappears in a puff of smoke!
The bat disappears in a puff of smoke!
The orc is engulfed in dark miasma.
The orc is poisoned.
The orc barely misses you.
Your Fighting skill increases to level 6!
Your Polearms skill increases to level 11!
The orc is engulfed in dark miasma.
The orc looks even sicker.
The orc seems to slow down.
You kill the orc!
Kikubaaqudgha accepts your kill. The orc priest closely misses you.
You hit the orc priest.
The orc priest is moderately wounded.
Casting: Corpse Rot (dangerous; 41% risk of failure)
Confirm with . or Enter, or press ? or * to list all spells.
You smell decay.
The orc priest mumbles some strange prayers to Beogh against you.
Pain shoots through your body!
You die...
Kikubaaqudgha rasps: "You have failed me!
Welcome... death!"

#. #. ##.#
#...## #....#
#....# #.# #°#
#@# #o# #.#
####.#####
#........#
######....###.#
....>......#
.###....)..#
#.......#


You could see an orc priest.

Vanquished Creatures
  Grinder (D:2)
  Eustachio (D:6)
  An orc warrior (D:3)
  A centaur (D:5)
  A phantom (D:5)
  A scorpion (D:4)
  A water moccasin skeleton (D:2)
  A howler monkey (D:5)
  A centaur zombie (D:5)
  A jelly (D:5)
  3 orc priests
  2 bullfrog skeletons
  3 hounds
  Jessica (D:3)
  Terence (D:3)
  3 orc wizards
  Natasha (thrice) (D:3)
  2 hound skeletons (D:4)
  5 adders
  4 gnolls
  3 worms
  10 orcs
  6 ball pythons
  6 bats
  7 endoplasms
  3 giant cockroaches
  6 goblins
  7 hobgoblins
  17 jackals
  5 quokkas
  5 frilled lizards
  5 kobolds
  5 rats
122 creatures vanquished.

Vanquished Creatures (others)
  3 toadstools (D:1)
3 creatures vanquished.

Grand Total: 125 creatures vanquished

Notes
Turn   | Place    | Note
-------+----------+-------------------------------------------
     0 | D:1      | wakim the Merfolk Gladiator began the quest for the Orb.
     0 | D:1      | Reached XP level 1. HP: 16/16 MP: 1/1
   472 | D:1      | Reached XP level 2. HP: 23/23 MP: 2/2
   598 | D:1      | Reached skill level 5 in Polearms
   748 | D:1      | Reached XP level 3. HP: 28/28 MP: 3/3
  1679 | D:2      | Found a stormy altar of Qazlal.
  1711 | D:1      | Reached skill level 1 in Shields
  1711 | D:1      | Reached XP level 4. HP: 32/34 MP: 4/4
  2156 | D:2      | Reached skill level 6 in Polearms
  2156 | D:2      | Reached XP level 5. HP: 34/41 MP: 5/5
  2205 | D:2      | Found a faded altar of an unknown god.
  2209 | D:2      | Became a worshipper of Kikubaaqudgha
  2209 | D:2      | Reached * piety under Kikubaaqudgha
  2209 | D:2      | Identified Kikubaaqudgha's Collected Works on Dark Magic
                  | (Kikubaaqudgha gifted it to you on level 2 of the Dungeon)
  2209 | D:2      | Received a gift from Kikubaaqudgha
  2362 | D:3      | Noticed Jessica
  2373 | D:3      | Killed Jessica
  2839 | D:3      | Noticed Grinder
  2901 | D:3      | Paralysed by Grinder for 3 turns
  2911 | D:2      | Killed Grinder
  2912 | D:2      | Reached skill level 7 in Polearms
  2912 | D:2      | Reached XP level 6. HP: 27/48 MP: 6/6
  3092 | D:3      | Learned a level 1 spell: Pain
  3095 | D:3      | Reached XP level 7. HP: 40/54 MP: 4/7
  3254 | D:3      | Noticed Natasha
  3283 | D:3      | Killed Natasha
  3344 | D:3      | Noticed Terence
  3369 | D:3      | Killed Terence
  3474 | D:3      | Reached skill level 8 in Polearms
  3475 | D:3      | Reached ** piety under Kikubaaqudgha
  3581 | D:3      | Noticed Natasha
  3595 | D:3      | Killed Natasha
  3633 | D:3      | Noticed Natasha
  3642 | D:3      | Killed Natasha
  4299 | D:4      | Reached skill level 9 in Polearms
  4880 | D:3      | Reached skill level 5 in Dodging
  4893 | D:3      | Learned a level 2 spell: Corpse Rot
  4953 | D:3      | Reached skill level 5 in Fighting
  4960 | D:4      | Reached XP level 8. HP: 55/62 MP: 8/8
  5286 | D:5      | Entered Level 5 of the Dungeon
  5501 | D:5      | Reached skill level 10 in Polearms
  5665 | D:5      | Found a staircase to the Ecumenical Temple.
  5689 | D:5      | Found a glowing golden altar of the Shining One.
  6161 | D:5      | You fall into a shaft and drop 1 floor!
  6187 | D:6      | Noticed Eustachio
  6214 | D:6      | HP: 1/64 [orc priest/divine providence (15)]
  6215 | D:6      | Killed Eustachio
  6216 | D:6      | Reached skill level 11 in Polearms
  6222 | D:6      | Killed from afar by an orc priest

Illustrated notes

Levels and vault maps discovered:
D:1:      dpeg_cavernosity, layout_basic, minmay_gold_behind_fungi,
          minmay_crystal_water, hangedman_decor_riveting, dk_noncrumbling_3,
          minmay_split_cup_large
D:2:      layout_rooms, serial_glass, glass_columns_c, glass_columns_a,
          basic_altar, basic_ecumenical_altar
D:3:      layout_basic, chequers_serial_rivers_small_3, uniq_jessica,
          uniq_natasha, uniq_grinder, uniq_terence
D:4:      layout_rooms, guppyfry_early_orc_mine
D:5:      minmay_general_purpose_star, layout_basic,
          nicolae_overflow_crystal_walls, temple_doors_e
D:6:      wad_pebble_path, layout_loops_ring, uniq_eustachio

Skill      XL: |  1  2  3  4  5  6  7  8 |
---------------+-------------------------+-----
Polearms       | 5 6 7 9 11 | 11.0
Shields        | 1 2 3 4 |  4.0
Fighting       | 3 4 5 6 |  6.0
Dodging        | 5 6 |  6.4
Throwing       | |  2.0

Action                   |  1- 3 |  4- 6 |  7- 9 || total
-------------------------+-------+-------+-------++-------
Melee: Trident           |   119 |    93 |   303 ||   515
Throw: Dart              |       |     8 |    19 ||    27
 Cast: Pain              |       |     2 |    12 ||    14
       Corpse Rot        |       |       |     2 ||     2
  Use: Scroll            |     3 |     1 |     3 ||     7
Armor: Leather armour    |     3 |       |       ||     3
       Ring mail         |    24 |    17 |    71 ||   112
Dodge: Dodged            |    54 |    36 |   141 ||   231
Block: Buckler           |     8 |    19 |    63 ||    90

Table legend: (Time is in decaauts)
 A = Elapsed time spent in this place.
 B = Non-inter-level travel time spent in this place.
 C = Inter-level travel time spent in this place.
 D = Time resting spent in this place.
 E = Time spent auto-exploring this place.
 F = Levels seen in this place.
 G = Mean time per level.
                   A        B        C        D        E       F      G
               +--------+--------+--------+--------+--------+-----+--------+
         Total |   6174 |   5975 |    199 |    759 |   3987 |   6 | 1029.0 |
       Dungeon |   6174 |   5975 |    199 |    759 |   3987 |   6 | 1029.0 |
               +--------+--------+--------+--------+--------+-----+--------+

Top non-repeatable levels by time:
     D:1: 1920 daAuts
     D:3: 1681 daAuts
     D:4: 1024 daAuts
     D:5: 817 daAuts
     D:2: 679 daAuts
     D:6: 51 daAuts
